 Dungeon Crawl Stone Soup version 0.17-a0-2217-ga280b8d (webtiles) character file.

400 Grim the Cudgeler (level 6, -5/71 HPs)
             Began as an Ogre Berserker on Oct 28, 2015.
             Was a Priest of Trog.
             Killed from afar by Grim's ghost (24 damage)
             ... with an orb of energy
             ... on level 5 of the Dungeon.
             The game lasted 00:07:14 (2988 turns).

Grim the Cudgeler (Ogre Berserker)                  Turns: 2988, Time: 00:07:14

Health: -5/71      AC:  4    Str: 23    XL:     6   Next: 84%
Magic:  6/6        EV: 10    Int:  6    God:    Trog [***...]
Gold:   87         SH:  0    Dex: 11    Spells: 0 memorised, 5 levels left

rFire  . . .     SeeInvis .     a - +0 mace
rCold  . . .     Clarity  .     b - +0 animal skin
rNeg   . . .     SustAt   .     (no shield)
rPois  .         Gourm    .     (helmet restricted)
rElec  .         Spirit   .     e - +0 cloak
rCorr  .         Warding  .     (gloves unavailable)
rMut   .         Stasis   .     (boots unavailable)
MR     ++...                    (no amulet)
Stlth  +.........               (no ring)
                                (no ring)

@: confused, exhausted, starving, regenerating, slowed, very slow, very
resistant to hostile enchantments, very unstealthy
A: unfitting armour, tough skin 1
a: Berserk, Trog's Hand, Burn Spellbooks, Renounce Religion


You were on level 5 of the Dungeon.
You worshipped Trog.
Trog was most pleased with you.
You were starving.

You visited 1 branch of the dungeon, and saw 5 of its levels.

You collected 87 gold pieces.

Inventory:

Hand Weapons
 a - a +0 mace (weapon)
Armour
 b - a +0 animal skin (worn)
 e - a +0 cloak (worn)
Jewellery
 j - an uncursed amulet of the gourmand {unknown}
Wands
 o - a wand of enslavement (13)
Scrolls
 d - a scroll of teleportation {unknown}
 g - a scroll of noise {unknown}
 h - 2 scrolls of identify {unknown}
 l - 2 scrolls of remove curse {unknown}
Potions
 i - a potion of heal wounds {unknown}
 k - a potion of invisibility {unknown}
Comestibles
 c - a bread ration
 f - a beef jerky
 m - 4 fruits
 n - a meat ration


   Skills:
 + Level 7.2 Fighting
 + Level 7.7 Maces & Flails
 - Level 2.6 Dodging


You had 5 spell levels left.
You didn't know any spells.

Dungeon Overview and Level Annotations

Branches:
Dungeon (6/15)
 Temple: D:4-7

Altars:
Nemelex Xobeh
Vehumet

Annotations:
D:5 Grim's ghost, novice DECj


Innate Abilities, Weirdness & Mutations

You are too large for most types of armour.
You have tough skin (AC +1).


Message History

Grim's ghost is severely damaged.
You bump into the rock wall.
Grim's ghost gestures at you while chanting.
The orb of energy hits you!
* * * LOW HITPOINT WARNING * * *
The orb of energy explodes!
You bump into the rock wall.
You feel a strong urge to attack something.
You are no longer berserk.
You are exhausted.
You feel yourself slow down.
You are near starving!
Grim's ghost casts a spell at you. The magic dart hits you!
* * * LOW HITPOINT WARNING * * *
You bump into the rock wall.
You are starving!
Grim's ghost gestures at you while chanting.
The orb of energy hits you!
You die...

... ..............
...###+## ###+#####......
........# #.........#....
........+ +.........#....
#.$.....# #.........#....
#.......###.........#....
.........)..........##+##
.......#.##.........##...
.......#@##.........#####
..!....#W########...##...
.......... #...##...
........... #...##...
............ #...##...
......... #...'....
........... #...##...
..###.......# #...#....
##.......


You could see Grim's ghost.

Vanquished Creatures
  A black bear (D:6)
  A hound (D:5)
  Crazy Yiuf (D:2)
  An iguana (D:5)
  3 orc wizards (D:5)
  3 gnolls (D:3)
  5 adders
  An ooze (D:1)
  An adder skeleton (D:6)
  A worm (D:2)
  3 orcs (D:5)
  4 bats
  6 giant cockroaches
  4 hobgoblins
  3 jackals (D:1)
  3 quokkas
  2 ball pythons
  3 giant geckos
  6 giant newts
  8 goblins
  3 kobolds
  A quokka zombie (D:5)
  4 rats
68 creatures vanquished.

Notes
Turn   | Place    | Note
--------------------------------------------------------------
     0 | D:1      | Grim the Ogre Berserker began the quest for the Orb.
     0 | D:1      | Reached XP level 1. HP: 24/24 MP: 1/1
    62 | D:1      | Reached XP level 2. HP: 26/33 MP: 2/2
   495 | D:1      | Reached ** piety under Trog
   495 | D:1      | Reached XP level 3. HP: 35/40 MP: 3/3
   545 | D:1      | Reached skill level 5 in Maces & Flails
   926 | D:2      | Found a sparkling altar of Nemelex Xobeh.
  1071 | D:2      | Reached skill level 5 in Fighting
  1150 | D:2      | Reached XP level 4. HP: 46/50 MP: 4/4
  1253 | D:2      | Noticed Crazy Yiuf
  1265 | D:2      | Killed Crazy Yiuf
  1680 | D:2      | Reached skill level 6 in Maces & Flails
  1811 | D:2      | Found a radiant altar of Vehumet.
  1872 | D:2      | Reached XP level 5. HP: 57/59 MP: 5/5
  2043 | D:3      | You fall through a shaft for 3 floors!
  2108 | D:6      | Noticed a black bear
  2113 | D:6      | Killed a black bear
  2113 | D:6      | Reached skill level 7 in Maces & Flails
  2113 | D:6      | Reached XP level 6. HP: 68/68 MP: 6/6
  2220 | D:5      | Entered Level 5 of the Dungeon
  2222 | D:5      | Reached *** piety under Trog
  2975 | D:5      | Noticed Grim's ghost (novice DECj)
  2988 | D:5      | Killed from afar by Grim's ghost

Vault maps used:
D:1:      dpeg_arrival_arbitrary_a, hex_intersection
D:2:      marbit_many_paths, lemuel_doored_altar, minmay_misc_feat_more_columns,
          uniq_crazy_yiuf_cottage
D:3:      lemuel_blue_sif_altar, first_bread, portal_sewer_entry_f,
          nrook_mini_vaults, grunt_ministairs_15
D:5:      grunt_ministairs_7
D:6:      grunt_qazlal_sundering, minmay_temple_entry_purple_smoke,
          nicolae_ru_sacrificial_ziggurat

Action                   |  1- 3 |  4- 6 || total
-------------------------+-------+-------++-------
Melee: Mace              |    81 |   143 ||   224
Invok: Berserk           |     2 |     5 ||     7
       Trog's Hand       |       |     2 ||     2
 Stab: Sleeping          |       |     1 ||     1
  Eat: Chunk             |     3 |     9 ||    12
